Selects Italian Combined Arms Battlegroup
Selects Bersaglieri Squad
Construct Light Support Kompanie
Selects Bersaglieri Bolster
Panzerjäger Mechanized Group
Selects Breda Model 30 Light Machine Guns
le.IG 18 Support Gun Team
Pak 38 Anti-tank Gun Team
Panzerjäger Mechanized Group
Construct Panzerarmee Kommand
Pak 38 Anti-tank Gun Team
Selects Semovente da 75/18 Assault Gun
Selects Carro Armato M13/40 Light Tank
Construct Mechanized Kompanie
Marder III Tank Destroyer